 Dungeon Crawl Stone Soup version 0.26-a0-30-g56b8cd3df0 (webtiles) character file.

Game seed: 2755142971628378776, levelgen mode: deterministic

192167 Hasart the Cryomancer (level 18, 0/108 HPs)
             Began as an Octopode Wizard on June 3, 2020.
             Was an Initiate of Gozag.
             Succumbed to a nagaraja's poison arrow
             ... on level 2 of the Snake Pit.
             The game lasted 02:23:30 (46629 turns).

Hasart the Cryomancer (Octopode Wizard)            Turns: 46629, Time: 02:23:31

Health: 0/108      AC:  3    Str: 17    XL:     18   Next: 67%
Magic:  25/32      EV: 17    Int: 30    God:    Gozag
Gold:   1355       SH:  6    Dex: 24    Spells: 5/37 levels left

rFire    . . .     SeeInvis +   K - staff of energy
rCold    + . .     Gourm    .   Q - +0 buckler (curse)
rNeg     + . .     Faith    .   a - +2 hat
rPois    .         Spirit   .   j - amulet of magic regeneration
rElec    +         Reflect  .   D - +6 ring of intelligence
rCorr    .         Harm     .   Z - ring of wizardry
MR       ++++.                  A - ring of flight
Stlth    +++++.....             u - ring of Hard Scrabble {rC+ Str+4}
HPRegen  0.68/turn              r - ring "Feoleate" {rElec MR+ Str+6 Int-4 Dex+3}
MPRegen  0.48/turn              z - ring "Vounwiwy" {Wiz Dex+4 Stlth+}
                                x - ring "Tazau" {Dex+4 Slay+3 SInv}
                                Y - ring of Rostyrae {rN+ MR+ Dex+3}

@: lethally poisoned (0 -> -7), no potions, gold aura, very slightly
contaminated
A: almost no armour, stealthy swim, amphibious, 8 rings, constrict 8, beak,
camouflage 1, magic resistance 1, regeneration 1, screaming 1, gelatinous body 1
a: Potion Petition, Call Merchant, Bribe Branch, Renounce Religion, Evoke Flight


You were on level 2 of the Snake Pit.
You worshipped Gozag.
Gozag was most pleased with you.
You were not hungry.

You visited 6 branches of the dungeon, and saw 28 of its levels.
You also visited: Sewer, Bailey and Wizlab.

You collected 12514 gold pieces.
You spent 4797 gold pieces at shops.
You paid 6362 gold pieces to Gozag.

Inventory:

Hand Weapons
 i - a +7 flail of venom
 U - the +4 dagger "Morg" {pain, MR+ Int+5}
   (You took it off a deep elf demonologist on level 3 of the Elven Halls)

   In the hands of one skilled in necromantic magic, it inflicts extra damage on
   living creatures.
   It affects your intelligence (+5).
   It affects your resistance to hostile enchantments.
 X - the +4 scimitar of a bazaar {flame, rElec Int+4}
   (You bought it in a shop on level 13 of the Dungeon)

   It has been specially enchanted to burn those struck by it, causing extra
   injury to most foes and up to half again as much damage against particularly
   susceptible opponents.
   Big, fiery blades are also staple armaments of hydra-hunters.
   It affects your intelligence (+4).
   It insulates you from electricity.
Armour
 a - a +2 hat (worn)
 Q - a cursed +0 buckler (worn)
Magical Staves
 p - an uncursed staff of wizardry
 K - an uncursed staff of energy (weapon)
Jewellery
 j - an amulet of magic regeneration (around mantle)
 r - the ring "Feoleate" (on tentacle) {rElec MR+ Str+6 Int-4 Dex+3}
   (You acquired it on level 2 of the Orcish Mines)

   [ring of strength]

   It affects your strength (+6).
   It affects your intelligence (-4).
   It affects your dexterity (+3).
   It insulates you from electricity.
   It affects your resistance to hostile enchantments.
 s - the cursed ring "Ysseug" {rElec rF+ EV-4 Dex+2}
   (You took it off an orc wizard on level 8 of the Dungeon)

   [ring of evasion]

   It affects your evasion (-4).
   It affects your dexterity (+2).
   It protects you from fire.
   It insulates you from electricity.
   It has a curse placed upon it.
 u - the ring of Hard Scrabble (on tentacle) {rC+ Str+4}
   (You acquired it on level 2 of the Orcish Mines)

   [ring of protection from cold]

   It affects your strength (+4).
   It protects you from cold.
 x - the ring "Tazau" (on tentacle) {Dex+4 Slay+3 SInv}
   (You bought it in a shop on level 2 of the Elven Halls)

   [ring of see invisible]

   It affects your dexterity (+4).
   It affects your accuracy and damage with ranged weapons and melee attacks
   (+3).
   It lets you see invisible.
 z - the ring "Vounwiwy" (on tentacle) {Wiz Dex+4 Stlth+}
   (You acquired it in a bailey)

   [ring of wizardry]

   It improves your spell success rate.
   It affects your dexterity (+4).
   It makes you more stealthy.
 A - a ring of flight (on tentacle)
 D - a +6 ring of intelligence (left tentacle)
 L - an uncursed amulet of regeneration
 O - the amulet of Yesterday {*Corrode Regen+ Str+6 Stlth+}
   (You took it off a deep elf death mage on level 3 of the Elven Halls)

   [amulet of regeneration]

   It affects your strength (+6).
   It increases your rate of regeneration.
   It may corrode you when you take damage.
   It makes you more stealthy.
 P - an uncursed ring of protection from fire
 S - an uncursed ring of protection from fire
 Y - the ring of Rostyrae (on tentacle) {rN+ MR+ Dex+3}
   (You bought it in a shop on level 13 of the Dungeon)

   [ring of positive energy]

   It affects your dexterity (+3).
   It protects you from negative energy.
   It affects your resistance to hostile enchantments.
 Z - a ring of wizardry (right tentacle)
Wands
 E - a wand of digging (25)
 J - a wand of acid (10)
 W - a wand of disintegration (15)
Scrolls
 b - 16 scrolls of identify
 d - a scroll of brand weapon {unknown}
 f - 7 scrolls of teleportation
 g - 3 scrolls of enchant armour
 h - 8 scrolls of remove curse
 k - 4 scrolls of amnesia
 t - a scroll of random uselessness {unknown}
 v - a scroll of magic mapping
 y - a scroll of summoning
 C - 2 scrolls of blinking
 V - 2 scrolls of fog
Potions
 e - 12 potions of curing
 l - 10 potions of lignification
 m - 6 potions of heal wounds
 n - 2 potions of magic
 o - 2 potions of berserk rage
 q - 9 potions of flight
 w - 5 potions of resistance
 B - 4 potions of haste
 H - 2 potions of mutation
 I - 2 potions of might {unknown}
 M - 4 potions of ambrosia {unknown}
 N - 2 potions of stabbing {unknown}
 R - 5 potions of brilliance {unknown}
Miscellaneous
 T - 3 phantom mirrors
Comestibles
 c - 30 rations


   Skills:
 - Level 5.0 Fighting
 - Level 5.0 Dodging
 - Level 2.6 Stealth
 - Level 5.0 Shields
 - Level 10.4 Spellcasting
 - Level 7.0 Conjurations
 - Level 6.0 Summonings
 - Level 4.0 Translocations
 * Level 24.2 Ice Magic
 - Level 7.0 Air Magic
 - Level 6.0 Poison Magic
 - Level 5.0 Evocations


You had 5 spell levels left.
You knew the following spells:

 Your Spells              Type           Power        Failure   Level  Hunger
a - Magic Dart            Conj           ####         1%          1    None
b - Call Imp              Summ           ######..     1%          2    None
c - Blink                 Tloc           N/A          1%          2    None
d - Mephitic Cloud        Conj/Pois/Air  ######..     1%          3    None
e - Call Canine Familiar  Summ           ######..     1%          3    None
f - Summon Ice Beast      Ice/Summ       #######.     1%          4    None
s - Searing Ray           Conj           ######       1%          2    None
x - Absolute Zero         Ice            ########..   4%          9    None
z - Ozocubu's Refrigerat  Ice            ########..   1%          6    None

Your spell library contained the following spells:

 Spells                   Type           Power        Failure   Level  Hunger
 Animate Skeleton         Necr           N/A          1%          1    None
 Apportation              Tloc           #####.       1%          1    None
 Corona                   Hex            ###....      1%          1    None
 Pain                     Necr           ###.         1%          1    None
 Shock                    Conj/Air       ####         1%          1    None
 Summon Butterflies       Summ           ######..     1%          1    None
 Summon Small Mammal      Summ           ####         1%          1    None
 Corpse Rot               Necr/Air       N/A          1%          2    None
 Ensorcelled Hibernation  Hex/Ice        ######       1%          2    None
 Slow                     Hex            ###.....     1%          2    None
 Swiftness                Chrm/Air       #####...     1%          2    None
 Conjure Flame            Conj/Fire      #####...     1%          3    None
 Dazzling Flash           Conj/Hex       #####.       1%          3    None
 Recall                   Summ/Tloc      N/A          1%          3    None
 Static Discharge         Conj/Air       ######..     1%          3    None
 Stone Arrow              Conj/Erth      #####.       1%          3    None
 Summon Guardian Golem    Hex/Summ       ####....     1%          3    None
 Airstrike                Air            ######....   1%          4    None
 Ice Form                 Ice/Tmut       ######..     1%          4    None
 Iskenderun's Mystic Bla  Conj/Tloc      #####...     1%          4    None
 Summon Lightning Spire   Summ/Air       ######..     1%          4    None
 Lightning Bolt           Conj/Air       ######....   1%          5    None
 Metabolic Englaciation   Hex/Ice        ######....   1%          5    None
 Confusing Touch          Hex            ###.....     2%          3    None
 Tukima's Dance           Hex            ###.....     2%          3    None
 Vampiric Draining        Necr           ###.......   2%          3    None
 Fulminant Prism          Conj/Hex       #####.....   2%          4    None
 Aura of Abjuration       Summ           ######....   2%          5    None
 Summon Forest            Summ/Tloc      #####.....   3%          5    None
 Silence                  Hex/Air        #####.....   6%          5    None
 Summon Mana Viper        Hex/Summ       ####....     7%          5    None
 Animate Dead             Necr           N/A          9%          4    None
 Leda's Liquefaction      Hex/Erth       ###.......   9%          4    None
 Bolt of Magma            Conj/Fire/Erth ####......   10%         5    None
 Agony                    Necr           ###.....     24%         5    None
 Borgnjor's Vile Clutch   Necr/Erth      ###.......   24%         5    None
 Freezing Cloud           Conj/Ice/Air   #######...   1%          6    None
 Simulacrum               Ice/Necr       ######....   1%          6    None
 Conjure Ball Lightning   Conj/Air       ######....   8%          6    None
 Shadow Creatures         Summ           N/A          12%         6    None
 Iron Shot                Conj/Erth      #####.....   30%         6    None
 Starburst                Conj/Fire      #####.....   30%         6    None
 Eringya's Noxious Bog    Tmut/Pois      ####......   36%         6    None
 Spellforged Servitor     Conj/Summ      ######....   43%         7    None
 Summon Hydra             Summ           ######....   50%         7    None
 Malign Gateway           Summ/Tloc      #####.....   63%         7    None
 Darkness                 Hex            ###.......   75%         6    None
 Death Channel            Necr           ###.......   75%         6    None
 Hydra Form               Tmut           ###.......   75%         6    None
 Statue Form              Tmut/Erth      ###......    75%         6    None
 Chain Lightning          Conj/Air       ######....   95%         8    None
 Ignition                 Fire           ###.......   100%        8    None
 Lehudib's Crystal Spear  Conj/Erth      #####.....   100%        8    None
 Dragon's Call            Summ           ######....   100%        9    None
 Fire Storm               Conj/Fire      #####.....   100%        9    None
 Shatter                  Erth           ###.......   100%        9    None
 Tornado                  Air            ######....   100%        9    None


Dungeon Overview and Level Annotations

Branches:
Dungeon (14/15)            Temple (1/1) D:4            Lair (6/6) D:9
 Shoals (0/4) Lair:4        Snake (2/4) Lair:4        Slime (0/5) Lair:5
    Orc (2/2) D:10            Elf (3/3) Orc:2        Vaults (0/5) D:14
  Sewer (visited)          Bailey (visited)          WizLab (visited)

Altars:
Cheibriados
Dithmenos
Elyvilon
Fedhas
Gozag
Hepliaklqana
Makhleb
Nemelex Xobeh
Okawaru
Qazlal
Trog
Uskayaw
Vehumet
Wu Jian
Xom
Yredelemnul
Zin
The Shining One
Beogh

Shops:
D:6 :*[(!   D:7 *   D:11 [   D:13 !((**:   Orc:2 [([?   Elf:2 =}}=   Elf:3 [
Lair:1 :   Snake:1 :   Snake:2 (

Annotations:
D:8 1 runed translucent door
D:12 exclusion: ice statue
D:14 2 transporters, Yraatu's ghost, journeyman TrTm
Lair:5 2 transporters, Lugonue's ghost, journeyman DsGl
Elf:2 3 runed translucent doors


Innate Abilities, Weirdness & Mutations

You cannot wear most types of armour.
You are very stealthy in the water. (Stealth+)
You are amphibious.
You can wear up to eight rings at the same time.
You can use your tentacles to constrict eight enemies at once.
Your skin changes colour to match your surroundings (Stealth+).
Your rubbery body absorbs attacks. (AC +1, EV +1)
You have a beak for a mouth.
You are resistant to hostile enchantments. (MR+)
Your natural rate of healing is unusually fast.
You occasionally shout uncontrollably at your foes.


Message History

You kill the naga mage!
The nagaraja is heavily wounded.
You feel sick. The nagaraja hits you with a +0 spear!! The nagaraja grabs you.
* * * LOW HITPOINT WARNING * * *
The nagaraja constricts you. The nagaraja hits you with a +0 club!!
* * * LOW HITPOINT WARNING * * *
You block the guardian serpent's attack.
The naga mage hits you!
* * * LOW HITPOINT WARNING * * *
Unknown command.
Unknown command.
Unknown command.
Unknown command.
Blink to where?
Press: ? - help, Dir - move target cursor You escape the nagaraja's grasp.
You are very lightly contaminated with residual magic.
As you read the scroll of blinking, it crumbles to dust.
You die...
Your body crumbles into a pile of gold.

##........####....## #..##....
##......#.........##...###..#
#.....)....###.....#.....##..#
#........### ##(......## ##
#..#......# #...<...###.
.##.......# ##.######...
.#......# ##.####.$.$$
###......####..N.....≈≈≈ ##.
#....@...$....≈≈$.
#...###......S$$.. ##.
##.SNN..≈≈.. # #..N§$...≈≈≈
......####..... ##..... ##...$
##... ##. #.... ..


You could see a naga warrior, 2 nagarajas, a guardian serpent and a naga mage.

Vanquished Creatures
  Mara (Elf:3)
  Nikola (Snake:1)
  A Hellbinder (WizLab)
  2 deep elf blademasters (Elf:3)
  A deep elf master archer (Elf:3)
  Roxanne (Elf:1)
  A nagaraja (Snake:2)
  A balrug (WizLab)
  7 deep elf sorcerers (Elf:3)
  3 deep elf elementalists (Elf:3)
  A blood saint (WizLab)
  2 lorocyprocas (WizLab)
  5 deep elf demonologists
  Azrael (Orc:2)
  3 deep elf annihilators (Elf:3)
  2 green deaths (WizLab)
  4 deep elf death magi (Elf:3)
  7 deep elf high priests (Elf:3)
  Josephine (Lair:6)
  A great orb of eyes (D:14)
  A hydra (Lair:6)
  9 naga warriors
  A hell beast (WizLab)
  A catoblepas (Lair:6)
  A catoblepas (shapeshifter) (Elf:3)
  5 centaur warriors
  8 anacondas (Snake:1)
  4 two-headed ogres
  A deep troll shaman (Lair:6)
  9 death yaks
  A naga sharpshooter (Snake:2)
  3 shock serpents
  Urug (D:11)
  A soul eater (WizLab)
  7 deep elf knights
  2 sun demons (WizLab)
  A sea snake (Snake:1)
  4 unseen horrors
  A sixfirhy (WizLab)
  11 deep elf archers
  A shadow demon (WizLab)
  A lindwurm (Lair:6)
  2 naga ritualists
  A wolf spider zombie (D:13)
  5 orc knights
  4 mana vipers
  13 ugly things
  2 orc sorcerers
  42 deep elf magi
  2 salamanders
  3 cyclopes
  4 manticores
  18 black mambas
  A guardian serpent (Snake:2)
  A centaur zombie (D:14)
  22 elephants
  4 rust devils (WizLab)
  Joseph (D:7)
  2 gargoyles (D:14)
  A black mamba (shapeshifter) (D:13)
  6 naga magi
  An orange demon (WizLab)
  8 spiny frogs
  2 torpor snails
  2 kobold demonologists
  3 komodo dragons (Lair:6)
  2 tormentors (WizLab)
  2 hellions (WizLab)
  A hellwing (WizLab)
  4 red devils (WizLab)
  2 polar bears (Lair:6)
  Grinder (D:5)
  4 hippogriffs
  11 blink frogs
  12 slime creatures
  6 dream sheep
  A snapping turtle (Lair:4)
  A shadow (D:13)
  4 air elementals
  4 water elementals
  Sigmund (D:5)
  9 wraiths
  Eustachio (D:4)
  A wyvern (D:10)
  A chaos spawn (WizLab)
  59 yaks
  2 basilisks
  16 humans (D:14)
  3 vampire mosquitoes (D:13)
  4 fire elementals (Orc:2)
  2 neqoxecs (WizLab)
  A steam dragon (D:6)
  2 hungry ghosts
  An acid dragon (D:12)
  18 water moccasins
  13 nagas
  12 soldier ants (D:8)
  Duvessa (D:5)
  6 porcupines
  3 hell hounds (Orc:2)
  34 orc warriors
  A sky beast (D:5)
  3 ice beasts
  3 black bears
  A necrophage (D:9)
  10 ogres
  A phantom (D:4)
  12 wolves
  17 centaurs
  6 crocodiles
  3 big kobolds
  26 bullfrogs
  A wyvern zombie (D:11)
  Dowan (D:5)
  An earth elemental (Elf:1)
  A water moccasin skeleton (D:8)
  4 scorpions
  41 killer bees
  3 wights (D:12)
  2 vampire bats (Orc:2)
  4 howler monkeys
  6 electric eels
  4 crimson imps
  A bullfrog zombie (D:5)
  8 hounds
  2 quasits (D:8)
  7 jellies
  3 bullfrog skeletons
  9 orc priests
  17 orc wizards
  4 centaur skeletons
  3 iguanas
  24 worker ants
  A killer bee zombie (D:9)
  4 hound zombies
  3 hound skeletons
  2 worker ant zombies (D:9)
  25 adders
  11 gnolls
  2 shadow imps
  21 oozes
  An adder zombie (D:8)
  5 worms
  A dart slug (D:2)
  17 leopard geckos
  74 orcs
  14 giant cockroaches
  11 goblins
  8 hobgoblins
  15 jackals
  18 kobolds
  5 quokkas
  15 ball pythons
  15 bats
  13 frilled lizards
  9 rats
  A bush (Lair:6)
  48 fungi
  39 plants
1122 creatures vanquished.

Vanquished Creatures (collateral kills)
  A two-headed ogre (D:9)
  A queen ant (D:8)
  A skeletal warrior (D:8)
  An orc knight (Orc:1)
  An orc sorcerer (Orc:2)
  A manticore (D:8)
  A black mamba (Lair:2)
  5 elephants
  4 spiny frogs
  A queen bee (Lair:2)
  2 trolls (Orc:1)
  4 blink frogs
  A hippogriff (Lair:1)
  A wraith (D:12)
  6 yaks
  A chaos spawn (WizLab)
  A hungry ghost (D:8)
  A warg (Orc:1)
  A hell hound (Orc:2)
  4 water moccasins
  5 soldier ants (D:8)
  An acid dragon (D:10)
  A porcupine (Lair:1)
  An ice beast (D:10)
  4 orc warriors
  3 ogres
  A wolf (Lair:2)
  5 centaurs
  3 crocodiles
  2 bullfrogs
  5 killer bees
  A centaur zombie (D:8)
  An orc priest (Orc:1)
  4 orc wizards
  4 worker ants (D:8)
  11 orcs
  A fungus (Lair:2)
92 creatures vanquished.

Vanquished Creatures (others)
  8 dancing weapons
  3 soldier ants (D:8)
  An orc warrior (Orc:2)
  A killer bee (Lair:2)
  26 blocks of ice
  9 fungi
  4 plants
52 creatures vanquished.

Grand Total: 1266 creatures vanquished

Notes
Turn   | Place    | Note
-------+----------+-------------------------------------------
     0 | D:1      | Hasart the Octopode Wizard began the quest for the Orb.
     0 | D:1      | Reached XP level 1. HP: 11/11 MP: 4/4
   331 | D:1      | Reached XP level 2. HP: 17/17 MP: 1/6
  1381 | D:2      | Reached XP level 3. HP: 13/21 MP: 2/7
  1385 | D:2      | Learned a level 2 spell: Call Imp
  1388 | D:2      | Learned a level 2 spell: Blink
  1851 | D:2      | Reached XP level 4. HP: 20/27 MP: 2/9
  1957 | D:2      | Found a faded altar of an unknown god.
  2260 | D:2      | Learned a level 3 spell: Mephitic Cloud
  2725 | D:3      | Found an ornate altar of the Wu Jian Council.
  2920 | D:3      | Reached XP level 5. HP: 31/31 MP: 6/10
  3870 | D:4      | Found a staircase to the Ecumenical Temple.
  3914 | D:4      | Noticed an ogre
  3921 | D:4      | Killed an ogre
  3921 | D:4      | Reached XP level 6. HP: 36/36 MP: 9/11
  3924 | D:4      | Noticed a phantom
  3954 | Temple   | Entered the Ecumenical Temple
  4076 | Temple   | Became a worshipper of Gozag Ym Sagoz the Greedy
  4111 | D:4      | Noticed Eustachio
  4125 | D:4      | Killed Eustachio
  4135 | D:4      | Killed a phantom
  4135 | D:4      | Reached XP level 7. HP: 22/41 MP: 7/13
  4690 | D:5      | Entered Level 5 of the Dungeon
  4695 | D:5      | Noticed Sigmund
  4696 | D:5      | Noticed Grinder
  4724 | D:5      | Killed Grinder
  4724 | D:5      | Reached skill level 1 in Poison Magic
  4966 | D:5      | Reached skill level 5 in Conjurations
  4966 | D:5      | Reached skill level 1 in Air Magic
  4966 | D:5      | Reached XP level 8. HP: 24/46 MP: 14/14
  5183 | D:5      | Killed Sigmund
  5608 | D:5      | Noticed Duvessa
  5610 | D:5      | Noticed Dowan
  5623 | D:5      | Killed Duvessa
  5623 | D:5      | Killed Dowan
  6200 | D:6      | Learned a level 3 spell: Call Canine Familiar
  6354 | D:6      | Found a glowing drain.
  6388 | Sewer    | Entered a sewer
  6748 | Sewer    | Reached XP level 9. HP: 51/51 MP: 14/16
  6955 | Sewer    | Reached skill level 5 in Spellcasting
  7092 | D:6      | Learned a level 4 spell: Summon Ice Beast
  7232 | D:6      | Found a radiant altar of Vehumet.
  7291 | D:6      | Found a white marble altar of Elyvilon.
  7291 | D:6      | Found a hazy altar of Hepliaklqana.
  7295 | D:6      | Found an iron altar of Okawaru.
  7295 | D:6      | Found a glowing silver altar of Zin.
  7319 | D:6      | Found Ciawn's Weapon Shoppe.
  7321 | D:6      | Found Orikobay's General Store.
  7322 | D:6      | Found Vachink's Distillery.
  7323 | D:6      | Found Juihy's Antique Armour Shoppe.
  7341 | D:6      | Reached skill level 1 in Ice Magic
  7355 | D:6      | Bought a potion of curing for 45 gold pieces
  7361 | D:6      | Bought a scroll of blinking for 90 gold pieces
  7876 | D:7      | Reached skill level 1 in Evocations
  7876 | D:7      | Noticed Joseph
  8144 | D:8      | Reached skill level 5 in Dodging
  8144 | D:8      | Reached skill level 1 in Shields
  8144 | D:8      | Reached skill level 2 in Ice Magic
  8481 | D:7      | Found Ocuh Ugh's Assorted Antiques.
  8484 | D:7      | Bought an encrusted copper ring for 135 gold pieces
  8484 | D:7      | Bought a scroll labeled SAIC ESEEKKOZE for 27 gold pieces
  8484 | D:7      | Bought a scroll labeled MAEZXE JUBER for 27 gold pieces
  8752 | D:7      | Killed Joseph
  8977 | D:8      | Reached skill level 3 in Ice Magic
  9048 | D:8      | Reached XP level 10. HP: 56/56 MP: 9/18
  9409 | D:8      | Reached skill level 5 in Summonings
  9638 | D:8      | Reached skill level 4 in Ice Magic
 10065 | D:8      | Noticed a queen ant
 10349 | D:8      | Reached skill level 5 in Poison Magic
 10899 | D:8      | Killed a queen ant
 11352 | D:8      | Found a runed translucent door.
 11352 | D:8      | Noticed a manticore
 11353 | D:8      | Found a runed translucent door.
 11477 | D:8      | Killed a manticore
 11508 | D:8      | Reached skill level 5 in Ice Magic
 11547 | D:8      | Found a runed translucent door.
 11547 | D:8      | Noticed a green ugly thing
 11549 | D:8      | Found a runed translucent door.
 11549 | D:8      | Found a runed translucent door.
 11549 | D:8      | Noticed a skeletal warrior
 11550 | D:8      | Identified the cursed ring "Ysseug" {rElec rF+ EV-4 Dex+2}
 12178 | D:9      | Found a staircase to the Lair.
 12693 | D:9      | Reached XP level 11. HP: 50/61 MP: 20/20
 13000 | D:9      | Noticed a two-headed ogre
 13041 | D:9      | Killed a two-headed ogre
 13041 | D:9      | Reached skill level 5 in Shields
 13831 | D:10     | Entered Level 10 of the Dungeon
 14546 | D:10     | Reached skill level 5 in Air Magic
 14723 | D:10     | Reached skill level 6 in Ice Magic
 15568 | D:10     | Found a staircase to the Orcish Mines.
 15677 | Orc:1    | Entered Level 1 of the Orcish Mines
 15686 | Orc:1    | Noticed an orc sorcerer
 15693 | Orc:1    | Killed an orc sorcerer
 15693 | Orc:1    | Reached skill level 5 in Evocations
 15926 | Orc:1    | Reached skill level 7 in Ice Magic
 16208 | Orc:1    | Found a roughly hewn altar of Beogh.
 16250 | Orc:2    | Entered Level 2 of the Orcish Mines
 16270 | Orc:2    | Noticed an orc sorcerer
 16284 | Orc:2    | Killed an orc sorcerer
 16549 | Orc:2    | Noticed an orc knight
 16649 | Orc:2    | Noticed an orc knight
 17374 | Orc:2    | Noticed an orc knight
 17437 | Lair:1   | Entered Level 1 of the Lair of Beasts
 17661 | Lair:1   | Reached skill level 8 in Ice Magic
 18757 | Lair:2   | Reached XP level 12. HP: 47/66 MP: 18/23
 18771 | Lair:2   | Reached skill level 9 in Ice Magic
 19559 | Lair:2   | Reached skill level 10 in Ice Magic
 20875 | Lair:2   | Reached skill level 11 in Ice Magic
 21324 | D:6      | Bought a book of Ice for 780 gold pieces
 21331 | D:6      | Learned a level 6 spell: Ozocubu's Refrigeration
 21338 | D:6      | Learned a level 6 spell: Freezing Cloud
 23361 | D:6      | Bought a book of Conjurations for 360 gold pieces
 23364 | D:6      | Learned a level 2 spell: Searing Ray
 24047 | Orc:2    | Reached XP level 13. HP: 29/71 MP: 3/26
 24050 | Orc:2    | Reached skill level 12 in Ice Magic
 24502 | Orc:2    | Noticed Azrael
 24504 | Orc:2    | Killed Azrael
 25232 | Orc:2    | Found Ewkos's Armour Shop.
 25232 | Orc:2    | Found Deugileo's Weapon Emporium.
 25232 | Orc:2    | Found Cais's Antique Armour Shoppe.
 25234 | Orc:2    | Found Bisaamui's Magic Scroll Boutique.
 25243 | Orc:2    | Bought a scroll of acquirement for 676 gold pieces
 25243 | Orc:2    | Bought a scroll of acquirement for 676 gold pieces
 25253 | Orc:2    | Bought a scroll of magic mapping for 45 gold pieces
 25255 | Orc:2    | Got the ring of Hard Scrabble {rC+ Str+4}
 25258 | Orc:2    | Got the ring "Feoleate" {rElec MR+ Str+6 Int-4 Dex+3}
 25410 | Orc:2    | Found a staircase to the Elven Halls.
 25501 | Orc:2    | Bought a ration for 50 gold pieces
 25501 | Orc:2    | Bought a ration for 50 gold pieces
 25501 | Orc:2    | Bought a ration for 50 gold pieces
 25501 | Orc:2    | Bought a ration for 50 gold pieces
 25501 | Orc:2    | Bought a ration for 50 gold pieces
 25501 | Orc:2    | Bought a ration for 50 gold pieces
 25778 | Lair:4   | Found a staircase to the Snake Pit.
 25784 | Lair:4   | Reached skill level 10 in Spellcasting
 25863 | Lair:4   | Reached skill level 13 in Ice Magic
 26498 | Lair:4   | Found a staircase to the Shoals.
 26836 | Lair:5   | Found a bloodstained altar of Trog.
 26836 | Lair:5   | Identified the cursed +1 war axe of the Shark {flame, rElec
                  | rN++}
 26837 | Lair:5   | Noticed Lugonue's ghost (journeyman DsGl)
 27173 | Lair:5   | Reached skill level 14 in Ice Magic
 27340 | Lair:5   | Found a transporter.
 27343 | Lair:5   | Found a transporter.
 27346 | Lair:5   | Identified the cursed +3 spear of the Iron City of Dis
                  | {antimagic, rC+ SInv Stlth-}
 27548 | Lair:5   | You fall into a shaft and drop 1 floor!
 27548 | Lair:6   | Entered Level 6 of the Lair of Beasts
 27784 | Lair:5   | Reached XP level 14. HP: 76/76 MP: 21/28
 27930 | Lair:5   | Found a staircase to the Slime Pits.
 28326 | Lair:6   | Reached skill level 15 in Ice Magic
 28430 | Lair:6   | Noticed Josephine
 28435 | Lair:6   | Killed Josephine
 29045 | Lair:6   | Reached skill level 16 in Ice Magic
 30121 | D:11     | Noticed Urug
 30123 | D:11     | Killed Urug
 30724 | D:11     | Found Ruarch's Armour Emporium.
 31577 | D:12     | Reached skill level 17 in Ice Magic
 32225 | D:12     | Reached XP level 15. HP: 81/81 MP: 22/29
 32388 | D:12     | Found the +5 scythe "Finisher" {speed, eviscerate}
 32835 | D:13     | Found Safy's Book Shoppe.
 32983 | D:13     | Found Mastuton's General Store.
 33508 | D:13     | Found Acunlonu's Antique Weapon Shop.
 33512 | D:13     | Bought an ichor-stained scimitar for 216 gold pieces
 33512 | D:13     | Identified the +4 scimitar of a bazaar {flame, rElec Int+4}
                  | (You bought it in a shop on level 13 of the Dungeon)
 33704 | D:13     | Bought a scroll of teleportation for 39 gold pieces
 33706 | D:13     | Bought a steaming copper ring for 130 gold pieces
 33706 | D:13     | Bought a glowing amethyst potion for 23 gold pieces
 33706 | D:13     | Bought a fizzy red potion for 23 gold pieces
 33706 | D:13     | Bought a viscous grey potion for 23 gold pieces
 33706 | D:13     | Identified the ring of Rostyrae {rN+ MR+ Dex+3} (You bought
                  | it in a shop on level 13 of the Dungeon)
 33899 | D:13     | Found Peegargh's Distillery.
 33904 | D:13     | Bought a potion of curing for 30 gold pieces
 33904 | D:13     | Bought a potion of curing for 30 gold pieces
 33904 | D:13     | Bought 2 potions of curing for 60 gold pieces
 33904 | D:13     | Bought a potion of degeneration for 10 gold pieces
 33911 | D:13     | Found Qafocap's Antique Weapon Shop.
 34122 | D:14     | Found a gate to the Vaults.
 34123 | D:14     | Reached skill level 18 in Ice Magic
 34289 | D:14     | Reached skill level 1 in Fighting
 34319 | D:14     | Found a flagged portal.
 34325 | Bailey   | Entered a bailey
 34490 | Bailey   | Found an iron altar of Okawaru.
 34795 | Bailey   | Got the ring "Vounwiwy" {Wiz Dex+4 Stlth+}
 35662 | D:14     | Found a transporter.
 35662 | D:14     | Noticed Yraatu's ghost (journeyman TrTm)
 35679 | D:14     | Found a transporter.
 35802 | D:14     | Reached skill level 19 in Ice Magic
 36811 | D:8      | Learned a level 9 spell: Absolute Zero
 37186 | Elf:1    | Entered Level 1 of the Elven Halls
 37195 | Elf:1    | Reached XP level 16. HP: 91/95 MP: 23/30
 37602 | Elf:1    | Identified the Papyrus of Summoning
 37608 | Elf:1    | Reached skill level 5 in Fighting
 38256 | Elf:1    | Noticed Roxanne
 38257 | Elf:1    | Killed Roxanne
 38841 | Elf:2    | Reached skill level 20 in Ice Magic
 39417 | Elf:2    | Found a runed translucent gate.
 39419 | Elf:2    | Found a runed translucent gate.
 39419 | Elf:2    | Found a runed translucent gate.
 40074 | Elf:2    | Found Ynon Joq's Gadget Emporium.
 40076 | Elf:2    | Found Paxyeti's Jewellery Shop.
 40077 | Elf:2    | Found Kiedu's Gadget Emporium.
 40124 | Elf:2    | Bought the ring "Tazau" {Dex+4 Slay+3 SInv} for 602 gold
                  | pieces
 40394 | Elf:3    | Entered Level 3 of the Elven Halls
 40425 | Elf:3    | Found a magical portal.
 40434 | WizLab   | Entered The Hall of the Hellbinder
 40616 | WizLab   | Gained mutation: Scrolls take you a little longer to read.
                  | [a neqoxec]
 40998 | WizLab   | Reached skill level 21 in Ice Magic
 41207 | WizLab   | Identified the Reference Book on the Escort
 41227 | WizLab   | Noticed Posuridgh
 41232 | WizLab   | Noticed a Brimstone Fiend
 41233 | WizLab   | Killed Posuridgh the Hellbinder
 41233 | WizLab   | Reached XP level 17. HP: 103/103 MP: 3/31
 41462 | WizLab   | Found a burning altar of Makhleb.
 41474 | WizLab   | Identified the Papyrus of Companions
 41827 | Elf:3    | Noticed Mara
 41828 | Elf:3    | Killed Mara
 42112 | Elf:3    | Gained mutation: You occasionally shout uncontrollably at
                  | your foes. [mutagenic glow]
 42147 | Elf:3    | Gained mutation: You are clumsy. (Dex -2) [mutagenic glow]
 42174 | Elf:3    | Lost mutation: Scrolls take you a little longer to read.
                  | [potion of mutation]
 42174 | Elf:3    | Lost mutation: You are clumsy. (Dex -2) [potion of
                  | mutation]
 42174 | Elf:3    | Gained mutation: Your natural rate of healing is unusually
                  | fast. [potion of mutation]
 42174 | Elf:3    | Gained mutation: You have a beak for a mouth. [potion of
                  | mutation]
 42174 | Elf:3    | Gained mutation: You are resistant to hostile enchantments.
                  | (MR+) [potion of mutation]
 42927 | Elf:3    | Reached skill level 22 in Ice Magic
 43540 | Elf:3    | Identified the +3 morningstar "Winubleu" {holy, Fragile
                  | Int+3 Dex+4}
 43549 | Elf:3    | Identified the cursed +3 mace of Linearity {venom, Str+7
                  | SInv}
 43549 | Elf:3    | Identified the +2 scale mail "Xeaqek" {Str+4}
 43692 | Elf:3    | Noticed a deep elf blademaster
 43697 | Elf:3    | Killed a deep elf blademaster
 43700 | Elf:3    | Identified the amulet of Yesterday {*Corrode Regen+ Str+6
                  | Stlth+}
 43757 | Elf:3    | Noticed a deep elf master archer
 43758 | Elf:3    | Killed a deep elf master archer
 43862 | Elf:3    | Reached skill level 23 in Ice Magic
 43904 | Elf:3    | Reached XP level 18. HP: 108/108 MP: 14/32
 43990 | Elf:3    | Identified the +5 morningstar "Fupsuo" {freeze, rF+++ Dex+2
                  | Stlth-} (You found it on level 3 of the Elven Halls)
 44050 | Elf:3    | Noticed a deep elf blademaster
 44052 | Elf:3    | Killed a deep elf blademaster
 44105 | Elf:3    | Identified Wuhydov's Handbook of the Escort
 44190 | Elf:3    | Identified Byixetz's Papyrus of the Captivating Blaze
 44324 | Orc:2    | Bought a ration for 50 gold pieces
 44324 | Orc:2    | Bought a ration for 50 gold pieces
 44324 | Orc:2    | Bought a ration for 50 gold pieces
 44324 | Orc:2    | Bought a ration for 50 gold pieces
 44324 | Orc:2    | Bought a ration for 50 gold pieces
 44324 | Orc:2    | Bought a ration for 50 gold pieces
 44324 | Orc:2    | Bought a ration for 50 gold pieces
 44324 | Orc:2    | Bought a ration for 50 gold pieces
 44324 | Orc:2    | Bought a ration for 50 gold pieces
 44473 | Snake:1  | Entered Level 1 of the Snake Pit
 44557 | Snake:1  | Noticed Nikola
 44566 | Snake:1  | Killed Nikola
 44975 | Snake:1  | Found Kiulec's Book Shoppe.
 45045 | Snake:1  | Found a runed translucent gate.
 45047 | Snake:1  | Found a runed translucent gate.
 45048 | Snake:1  | Found a runed translucent gate.
 45706 | Snake:2  | Found Cush's Antique Weapon Shop.
 45971 | Snake:2  | Reached skill level 24 in Ice Magic
 46628 | Snake:2  | HP: 2/108 [naga mage (7)]
 46629 | Snake:2  | Succumbed to a nagaraja's poison arrow

Illustrated notes

Levels and vault maps discovered:
D:1:      nicolae_arrival_washed_ashore, layout_basic,
          hangedman_decor_diamond_cutter
D:2:      layout_basic, first_ration, chequers_ecumenical_altar_simple_redux,
          minivault_23
D:3:      layout_basic, old_standard_altar, minmay_cupped
D:4:      layout_basic, minmay_temple_entry_hall, uniq_eustachio
D:5:      layout_basic, minivault_26, uniq_grinder, uniq_duvessa, uniq_sigmund
D:6:      layout_basic, grunt_temple_overflow_open, gup_sewer_entry_glass,
          minmay_misc_feat_five, minmay_shop_grid_forest
D:7:      layout_cave_pods, serial_shops, nicolae_shop_behind_doors, uniq_joseph
D:8:      minmay_the_grid_triangle_9x9_rhombus_full
          [minmay_the_grid_triangle_9x9_from_above,
          minmay_the_grid_triangle_9x9_minimal,
          minmay_the_grid_triangle_9x9_dagger,
          minmay_the_grid_triangle_9x9_tough_junction,
          minmay_the_grid_triangle_9x9_empty,
          minmay_the_grid_triangle_9x9_intruding_spiral,
          minmay_the_grid_triangle_9x9_fully_insulated_deathbox,
          minmay_the_grid_triangle_9x9_prize_center], layout_basic, minivault_29
D:9:      layout_basic, lair_entry_dummy
D:10:     layout_roguey, david_orc_4
D:11:     layout_loops_cross, serial_shops, shop, uniq_urug
D:12:     layout_irregular_city, hangedman_little_slice_of_home, minivault_16,
          minmay_guarded_unrand_finisher
D:13:     layout_rooms, serial_shops, shop_statue, shop, shop, shop, shop
D:14:     layout_loops_corners, david_vaults_3, enter_bailey_2,
          gammafunk_ghost_mausoleum, chequers_arboretum,
          minmay_misc_feat_encased
Temple:   regret_index_temple_sphere_string
Lair:1:   layout_chaotic_city, serial_bayou_shore_a
Lair:2:   layout_roguey [special_room_bee], special_room
Lair:3:   wad_woods_04, layout_misc_corridors
Lair:4:   layout_gridlike, minmay_shoals_entry_hut,
          minmay_snake_entry_six_corridors
Lair:5:   layout_cave_pods, minmay_slime_entry_pillars,
          gammafunk_ghost_wrathful_warriors
Lair:6:   grunt_lair_end_beastmaster, layout_regular_city, grunt_megastairs_4,
          serial_bayou_shore_b, infiniplex_staircase_pool_2, uniq_josephine
Snake:1:  layout_rooms, serial_shops, nicolae_shop_trees,
          nicolae_snake_horde_hoard, uniq_nikola
Snake:2:  nicolae_cobra_stairs, layout_layer_cave, serial_shops,
          nicolae_shop_overgrown_old_shop
Orc:1:    layout_diamond_mine, basic_altar, lemuel_statue_altar
Orc:2:    st_orc_rangers, layout_caves, roderic_batcave, uniq_azrael
Elf:1:    minmay_elf_arrival_plus, layout_loops_corners, minmay_elf_demonology,
          uniq_roxanne
Elf:2:    layout_gridlike, minmay_shop_grove
Elf:3:    minmay_elf_hall_quartered_circle, layout_geoelf_castle,
          infiniplex_enter_wizlab_water, kilobyte_mutagenic_chamber, uniq_mara

Skill      XL: |  1  2  3  4  5  6  7  8  9 10 11 12 13 14 15 16 17 18 |
---------------+-------------------------------------------------------+-----
Conjurations   | 2 3 4 5 6 7 |  7.0
Translocations | 2 3 4 |  4.0
Summonings     | 2 3 4 5 6 |  6.0
Dodging        | 3 4 5 |  5.0
Spellcasting   | 4 5 6 7 9 10 | 10.4
Poison Magic   | 1 3 4 5 6 |  6.0
Air Magic      | 1 2 3 4 5 6 7 |  7.0
Ice Magic      | 3 5 8 11 14 17 19 21 23 24 | 24.2
Evocations     | 2 3 5 |  5.0
Shields        | 2 4 5 |  5.0
Fighting       | 3 5 |  5.0
Stealth        | |  2.6

Action                   |  1- 3 |  4- 6 |  7- 9 | 10-12 | 13-15 | 16-18 || total
-------------------------+-------+-------+-------+-------+-------+-------++-------
Melee: Dagger            |    11 |    30 |       |       |       |       ||    41
       Tentacles         |     2 |     8 |    17 |    65 |    18 |     5 ||   115
       Constrict         |     1 |    10 |    33 |    96 |    10 |     2 ||   152
       Flail             |       |    23 |   115 |   386 |       |       ||   524
       Staff             |       |       |       |     9 |    52 |     6 ||    67
       Peck              |       |       |       |       |       |     1 ||     1
 Cast: Magic Dart        |    66 |   100 |   276 |   345 |    14 |     2 ||   803
       Mephitic Cloud    |       |     4 |    24 |   128 |     2 |       ||   158
       Call Imp          |       |     2 |       |       |       |       ||     2
       Call Canine Famil |       |       |     4 |    15 |     3 |       ||    22
       Summon Ice Beast  |       |       |     1 |    85 |    12 |     1 ||    99
       Blink             |       |       |     1 |     4 |     1 |     2 ||     8
       Ozocubu's Refrige |       |       |       |    17 |   286 |   272 ||   575
       Searing Ray       |       |       |       |       |    52 |     9 ||    61
       Absolute Zero     |       |       |       |       |       |    26 ||    26
Invok: Call Merchant     |       |       |     1 |     1 |     2 |     2 ||     6
       Potion Petition   |       |       |       |       |     1 |       ||     1
Evoke: Wand              |       |       |       |     2 |     2 |     8 ||    12
  Use: Potion            |       |       |     2 |     3 |       |     3 ||     8
       Scroll            |       |       |       |     6 |    26 |    10 ||    42
 Stab: Sleeping          |     1 |     2 |     2 |     3 |       |     1 ||     9
       Confused          |       |       |     4 |    22 |       |       ||    26
       Distracted        |       |       |     2 |     1 |     2 |       ||     5
  Eat: Chunk             |     3 |     4 |       |       |       |       ||     7
       Ration            |       |     1 |     5 |    15 |    11 |     9 ||    41
Armor: Skin              |     7 |     6 |     8 |    16 |     2 |     3 ||    42
Dodge: Dodged            |    14 |    41 |   102 |   304 |   120 |    28 ||   609
Block: Buckler           |       |       |     1 |   110 |    43 |    15 ||   169

Table legend:
 A = Non-vault XP
 B = Vault XP
 C = Vault XP percentage of total XP
 D = Non-vault monster count
 E = Vault monster count
 F = Vault count percentage of total count
                 A         B        C        D         E       F
            +---------+---------+-------+---------+---------+-------
      Total |  136521 |  156398 |  53.4 |     658 |     475 |  41.9
            +---------+---------+-------+---------+---------+-------
        D:1 |      23 |       0 |   0.0 |      16 |       0 |   0.0
        D:2 |      96 |       0 |   0.0 |      24 |       0 |   0.0
        D:3 |      87 |       9 |   9.4 |      20 |       4 |  16.7
        D:4 |     447 |     202 |  31.1 |      11 |       1 |   8.3
        D:5 |     498 |     714 |  58.9 |      15 |       4 |  21.1
        D:6 |     328 |      30 |   8.4 |      17 |       4 |  19.0
        D:7 |     969 |     371 |  27.7 |      21 |       1 |   4.5
        D:8 |     555 |    7143 |  92.8 |      13 |      68 |  84.0
        D:9 |    1470 |      35 |   2.3 |      33 |       1 |   2.9
       D:10 |    1838 |     667 |  26.6 |      36 |      15 |  29.4
       D:11 |    4508 |     831 |  15.6 |      33 |       1 |   2.9
       D:12 |    5076 |    1219 |  19.4 |      25 |      13 |  34.2
       D:13 |   11472 |       0 |   0.0 |      49 |       0 |   0.0
       D:14 |   14969 |    6576 |  30.5 |      41 |      20 |  32.8
     Lair:1 |    4222 |       0 |   0.0 |      31 |       0 |   0.0
     Lair:2 |    7070 |    1364 |  16.2 |      38 |      25 |  39.7
     Lair:3 |    1166 |       0 |   0.0 |       8 |       0 |   0.0
     Lair:4 |    6997 |    1033 |  12.9 |      16 |       8 |  33.3
     Lair:5 |    8094 |     615 |   7.1 |      31 |       4 |  11.4
     Lair:6 |   11238 |   12027 |  51.7 |      35 |      25 |  41.7
    Snake:1 |    9070 |   14912 |  62.2 |      18 |      26 |  59.1
    Snake:2 |   11312 |    8867 |  43.9 |      24 |      11 |  31.4
      Orc:1 |    1550 |     596 |  27.8 |      21 |       4 |  16.0
      Orc:2 |    2530 |    5737 |  69.4 |      27 |      52 |  65.8
      Elf:1 |   10682 |   11280 |  51.4 |      20 |      16 |  44.4
      Elf:2 |   13438 |    2536 |  15.9 |      23 |       4 |  14.8
      Elf:3 |    6816 |   53435 |  88.7 |      12 |      32 |  72.7
      Sewer |       0 |     453 | 100.0 |       0 |      61 | 100.0
     Bailey |       0 |    3399 | 100.0 |       0 |      44 | 100.0
     WizLab |       0 |   22347 | 100.0 |       0 |      31 | 100.0
            +---------+---------+-------+---------+---------+-------
